 Dungeon Crawl Stone Soup version 0.29.0 (webtiles) character file.

Game seed: 1985010435719619700

40 gelatine the Ducker (level 3, -6/27 HPs)
             Began as a Demonspawn Gladiator on Aug 24, 2022.
             Mangled by an orc
             ... wielding a +0 flail
              (8 damage)
             ... on level 3 of the Dungeon.
             The game lasted 00:02:31 (1561 turns).

gelatine the Ducker (Demonspawn Gladiator)          Turns: 1561, Time: 00:02:32

Health: -6/27      AC:  3    Str: 16    XL:     3   Next: 30%
Magic:  3/3        EV: 12    Int:  9    God:
Gold:   37         SH:  0    Dex: 14    Spells: 2/2 levels left

rFire   . . .      SeeInvis .   a - +0 war axe
rCold   . . .      Faith    .   (no shield)
rNeg    . . .      Spirit   .   b - +0 leather armour
rPois   .          Reflect  .   (helmet restricted)
rElec   .          Harm     .   (no cloak)
rCorr   .          Rampage  .   (no gloves)
Will    .....                   (no boots)
Stlth   +.........              (no amulet)
HPRegen 0.09/turn               (no ring)
MPRegen 0.08/turn               (no ring)

@: no status effects
A: antennae 1
a: no special abilities


You were on level 3 of the Dungeon.
You visited 1 branch of the dungeon, and saw 3 of its levels.

You collected 37 gold pieces.

Inventory:

Hand Weapons
 a - a +0 war axe (weapon)
Missiles
 d - 2 throwing nets (quivered)
 e - 5 javelins
Armour
 b - a +0 leather armour (worn)
 c - a +0 helmet
Scrolls
 g - a scroll of silence {unknown}
 h - a scroll of enchant weapon {unknown}
 i - a scroll of amnesia {unknown}
 j - a scroll of enchant armour {unknown}
 k - a scroll of identify
 l - a scroll of teleportation {unknown}


   Skills:
 + Level 2.2 Fighting
 + Level 3.1 Axes
 + Level 1.8 Throwing
 + Level 1.0 Armour
 + Level 3.2 Dodging
 + Level 0.2 Stealth


You had 2 spell levels left.
You didn't know any spells.
Your spell library was empty.

Dungeon Overview and Level Annotations

Branches:
Dungeon (2/15)

Altars:


Innate Abilities, Weirdness & Mutations

You have a pair of small antennae on your head.


Message History

You closely miss the bat. The bat closely misses you.
The bat hits you but does no damage.
The orc priest invokes the aid of Beogh against you.
Beogh smites you! The bat closely misses you.
The bat hits you but does no damage.
You hit the bat.
The bat is severely wounded.
The bat barely misses you.
The orc priest calls down the wrath of Beogh upon you.
Beogh smites you!
* * * LOW HITPOINT WARNING * * *
The bat attacks as you move away! The bat hits you.
* * * LOW HITPOINT WARNING * * *
The bat barely misses you.
You slash the orc!
You kill the orc!
The bat closely misses you. x2
Your Armour skill increases to level 1!
You closely miss the bat.
The bat barely misses you. x2; The orc misses you.
You hit the orc but do no damage. The bat hits you but does no damage.
The orc closely misses you.
An orc comes into view. It is wielding a +0 short sword.
You hit the orc.
The orc is severely wounded.
You hit the orc priest. The orc barely misses you.
The orc priest closely misses you.
The orc priest looks encouraged for a moment.
The orc hits you with a +0 flail.
* * * LOW HITPOINT WARNING * * *
You aren't carrying any potions.
As you read the scroll labelled XAPRUT FUMA, it crumbles to dust.
It is a scroll of identify.
f - a scroll of butterflies The bat closely misses you.
The orc closely misses you.
The orc priest hits you but does no damage.
As you read the scroll of butterflies, it crumbles to dust.
You hear the tinkle of a tiny bell.
The bat hits you but does no damage. The bat barely misses your butterfly.
The orc priest closely misses you. The orc hits you with a +0 flail!
You die...

..#..# . ....##
.. ....#
...#####...#####
#....#.........#
#........#..#..#
#....#....bb...
......#b##b#.#...
#.#....bo@bb.....
#....bo#bb.#...
##..obb.bb.....
......"...#.#.#.
................
.....>.#.........
.......#.......##
......#########


You could see an orc priest (ally target), 2 orcs and a bat (ally target).

Vanquished Creatures
  A worm (D:2)
  An orc (D:3)
  A bat (D:1)
  4 endoplasms
  3 giant cockroaches (D:1)
  2 goblins (D:1)
  4 hobgoblins (D:1)
  3 jackals (D:1)
  A quokka (D:2)
  3 ball pythons (D:1)
  4 frilled lizards
  2 kobolds (D:1)
  4 rats
33 creatures vanquished.

Notes
Turn   | Place    | Note
-------+----------+-------------------------------------------
     0 | D:1      | gelatine the Demonspawn Gladiator began the quest for the
                  | Orb.
     0 | D:1      | Reached XP level 1. HP: 16/16 MP: 1/1
   239 | D:1      | Gained mutation: You have a pair of small antennae on your
                  | head. [demonic ancestry]
   239 | D:1      | Reached XP level 2. HP: 20/22 MP: 2/2
   555 | D:1      | Found a faded altar of an unknown god.
  1072 | D:1      | Reached XP level 3. HP: 22/27 MP: 3/3
  1546 | D:2      | You fall into a shaft and drop 1 floor!
  1557 | D:3      | Reached skill level 1 in Armour
  1561 | D:3      | Mangled by an orc

Illustrated notes

Levels and vault maps discovered:
D:1:      grunt_arrival_lava_bath, layout_loops_corners,
          dreamdust_ecumenical_altar_hidden_monk_grotto, nrook_loot_triangle,
          minmay_heptomino_l4
D:2:      layout_rooms, serial_shops, shop, minmay_3d_cube, uniq_jessica
D:3:      layout_rooms, gammafunk_temple_overflow_arena, hangedman_decor_lopped,
          serial_bayou_pond_c, uniq_robin, uniq_sigmund

Skill      XL: |  1  2  3 |
---------------+----------+-----
Dodging        | 3 |  3.2
Axes           | 3 |  3.1
Armour         | 1 |  1.0
Fighting       | |  2.2
Throwing       | |  1.8
Stealth        | |  0.2

Action                   || total
-------------------------++-------
Melee: War axe           ||    87
       Punch             ||     1
Throw: Throwing net      ||     1
  Use: Scroll            ||     2
 Stab: Sleeping          ||     2
Armor: Leather armour    ||    35
Dodge: Dodged            ||    66
